 Dungeon Crawl Stone Soup version 0.18-b1-16-g289874d (webtiles) character file.

112 theY the Grave Robber (level 4, 0/33 HPs)
             Began as a Hill Orc Necromancer on May 1, 2016.
             Slain by an orc wizard
             ... wielding a +0 dagger
              (3 damage)
             ... on level 5 of the Dungeon.
             The game lasted 00:04:55 (2630 turns).

theY the Grave Robber (Hill Orc Necromancer)        Turns: 2630, Time: 00:04:55

Health: 0/33       AC:  2    Str: 10    XL:     4   Next: 93%
Magic:  7/7        EV: 12    Int: 16    God:
Gold:   149        SH:  0    Dex: 11    Spells: 2 memorised, 6 levels left

rFire  . . .     SeeInvis .     q - +1 falchion (freeze)
rCold  . . .     Gourm    .     a - +0 robe
rNeg   . . .     Faith    .     (no shield)
rPois  .         Spirit   .     (no helmet)
rElec  .         Dismiss  .     (no cloak)
rCorr  .         Reflect  .     (no gloves)
SustAt .         Harm     .     (no boots)
MR     .....                    (no amulet)
Stlth  ++........               (no ring)
                                (no ring)

@: not resistant to hostile enchantments, unstealthy
A: no striking features
a: no special abilities


You were on level 5 of the Dungeon.
You were very hungry.

You visited 1 branch of the dungeon, and saw 5 of its levels.

You collected 149 gold pieces.

Inventory:

Hand Weapons
 f - a +0 dagger
 q - a +1 falchion of freezing (weapon)
Armour
 a - a +0 robe (worn)
Magical Staves
 w - an uncursed staff of energy {unknown}
Scrolls
 d - a scroll of recharging {unknown}
 j - a scroll of enchant armour {unknown}
 k - a scroll of identify {unknown}
 l - 2 scrolls of fear {unknown}
 o - 2 scrolls of teleportation {unknown}
 s - 2 scrolls of magic mapping {unknown}
 t - a scroll of random uselessness {unknown}
Potions
 e - a potion of agility {unknown}
 h - a potion of magic
 i - a potion of brilliance {unknown}
 m - a potion of degeneration {unknown}
 p - 2 potions of berserk rage {unknown}
 u - a potion of beneficial mutation {unknown}
 v - a potion of lignification {unknown}
 x - a potion of curing {unknown}
Books
 b - a book of Necromancy

   Spells                             Type                      Level
   a - Pain                           Necromancy                   1
   b - Animate Skeleton               Necromancy                   1
   c - Vampiric Draining              Necromancy                   3
   d - Regeneration                   Charms/Necromancy            3
   e - Animate Dead                   Necromancy                   4
   f - Control Undead                 Necromancy                   4
Comestibles
 c - 3 bread rations
 g - a meat ration
 n - a slice of pizza
 r - 2 fruits


   Skills:
 + Level 0.2 Fighting
 + Level 0.2 Long Blades
 * Level 2.2 Dodging
 + Level 1.7 Stealth
 + Level 2.5 Spellcasting
 + Level 4.8 Necromancy


You had 6 spell levels left.
You knew the following spells:

 Your Spells              Type           Power        Failure   Level  Hunger
a - Pain                  Necr           ###.         2%          1    #......
b - Animate Skeleton      Necr           N/A          2%          1    #......


Dungeon Overview and Level Annotations

Branches:
Dungeon (5/15)
 Temple: D:4-7

Altars:
Fedhas
Gozag
Nemelex Xobeh

Shops:
D:4 [


Message History

You are too injured to fight recklessly!
You are too injured to fight recklessly!
You are too injured to fight recklessly!
You are too injured to fight recklessly!
You are too injured to fight recklessly!
You are too injured to fight recklessly!
You are too injured to fight recklessly!
Drink which item? (? for menu, Esc to quit)
It was a potion of magic.
Magic courses through your body. The orc wizard hits you with a dagger.
* * * LOW HITPOINT WARNING * * *
Casting: Pain
Confirm with . or Enter, or press ? or * to list all spells.
Aiming: Pain
Press: ? - help, Shift-Dir - straight line, f/p - orc wizard
Aim: an orc wizard, wielding a dagger and wearing a robe (severely wounded, fast, chance to defeat MR: 76%)
The orc wizard convulses in agony!
You are feeling very hungry.
The orc wizard hits you with a dagger.
You die...

###########
#.....@ooo#
#..######.####
#.o..##
#.o...#
#.........#
#####oo...#
../..##
####[## .#


You could see an orc wizard and 2 orcs.

Vanquished Creatures
  3 adders
  An ooze (D:3)
  A dart slug (D:2)
  2 worms (D:2)
  4 giant geckos
  11 orcs
  A giant cockroach (D:2)
  6 goblins
  7 hobgoblins
  3 kobolds
  9 bats
  2 giant newts
  A quokka skeleton (D:3)
  5 rats
56 creatures vanquished.

Vanquished Creatures (collateral kills)
  A goblin (D:3)
  A hobgoblin (D:1)
2 creatures vanquished.

Grand Total: 58 creatures vanquished

Notes
Turn   | Place    | Note
--------------------------------------------------------------
     0 | D:1      | theY the Hill Orc Necromancer began the quest for the Orb.
     0 | D:1      | Reached XP level 1. HP: 14/14 MP: 3/3
    21 | D:1      | Learned a level 1 spell: Animate Skeleton
   154 | D:1      | Reached XP level 2. HP: 15/20 MP: 0/4
   755 | D:3      | Found an opulent altar of Gozag.
   779 | D:3      | Reached XP level 3. HP: 26/26 MP: 3/5
  1413 | D:3      | Reached XP level 4. HP: 32/33 MP: 4/7
  1447 | D:3      | Found a sparkling altar of Nemelex Xobeh.
  2158 | D:2      | Found a blossoming altar of Fedhas.
  2554 | D:4      | Found Ihoeh's Antique Armour Shop.
  2600 | D:4      | Noticed an ogre
  2610 | D:5      | Entered Level 5 of the Dungeon
  2630 | D:5      | Slain by an orc wizard

Skill      XL: |  1  2  3  4 |
---------------+-------------+-----
Spellcasting   | 2 |  2.5
Dodging        | 2 |  2.2
Fighting       | |  0.2
Long Blades    | |  0.2
Stealth        | |  1.7
Necromancy     | |  4.8

Action                   |  1- 3 |  4- 6 || total
-------------------------+-------+-------++-------
Melee: Dagger            |     9 |       ||     9
       Unarmed           |     2 |       ||     2
       Falchion          |    30 |    12 ||    42
 Cast: Pain              |    42 |    43 ||    85
       Animate Skeleton  |    10 |     4 ||    14
  Use: Potion            |       |     1 ||     1
 Stab: Sleeping          |     1 |       ||     1
  Eat: Chunk             |     3 |     3 ||     6
Armor: Robe              |     4 |     4 ||     8
Dodge: Dodged            |    40 |    10 ||    50
